 Dungeon Crawl Stone Soup version 0.30.0-20-g3615ddf2f0 (webtiles) character file.

Game seed: 5246312429464280437

174 qw the Chopper (level 5, -4/32 HPs)
             Began as a Gargoyle Fighter on May 29, 2023.
             Slain by a lemure (7 damage)
             ... led by Pikel
             ... on level 4 of the Dungeon.
             The game lasted 00:01:31 (2805 turns).

qw the Chopper (Gargoyle Fighter)                   Turns: 2805, Time: 00:01:31

Health: -4/32      AC: 13    Str: 21    XL:     5   Next: 54%
Magic:  5/5        EV:  7    Int:  9    God:
Gold:   12         SH:  4    Dex:  9    Spells: 4/4 levels left

rFire   + . .        Y - +1 war axe
rCold   . . .        c - +0 buckler
rNeg    + + .        h - +0 chain mail
rPois   inf          (no helmet)
rElec   +            (no cloak)
rCorr   .            (no gloves)
SInv    .            (no boots)
Will    .....        (no amulet) Stlth
                     m - ring of positive energy
HPRegen 0.25/turn    f - ring of protection from fire
MPRegen 0.09/turn

%: no passive effects
@: no status effects
A: sickness immunity, AC +4, negative energy resistance 1, electricity
resistance, torment resistance 1, petrification resistance
a: no special abilities


You were on level 4 of the Dungeon.
You visited 1 branch of the dungeon, and saw 4 of its levels.

You collected 211 gold pieces.
You spent 199 gold pieces at shops.


Innate Abilities, Weirdness & Mutations

You are immune to sickness and miasma.
Your stone body is resilient. (AC +4)
You are immune to poison.
You resist negative energy. (rN+)
You are resistant to electric shocks. (rElec)
You are resistant to unholy torment.
You are immune to petrification.


   Skills:
 + Level 3.3 Fighting
 - Level 5.1 Axes
 - Level 3.2 Armour
 - Level 3.2 Shields


You had 4 spell levels left.
You didn't know any spells.
Your spell library was empty.

Inventory:

Hand Weapons
 q - a +0 flail
 Y - a +1 war axe (weapon)
Missiles
 i - 2 boomerangs (quivered)
Armour
 c - a +0 buckler (worn)
 h - a +0 chain mail (worn)
 r - a +0 cloak
Jewellery
 f - a ring of protection from fire (right hand)
 m - a ring of positive energy (left hand)
Scrolls
 a - a scroll of identify
 b - a scroll of poison {unknown}
 j - a scroll of vulnerability {unknown}
Potions
 d - a potion of might
 e - 3 potions of attraction
 g - a potion of resistance
 k - a potion of degeneration {unknown}
 l - 2 potions of heal wounds
 n - a potion of mutation {unknown}
 o - 2 potions of curing {unknown}
 p - a potion of haste {unknown}

Dungeon Overview and Level Annotations

Branches:
Dungeon (4/15)
 Temple: D:4-7

Altars:
Hepliaklqana

Shops:
D:3 :   D:4 ![

Annotations:
D:4 Pikel


Message History

You block the lemure's attack. The lemure hits you but does no damage.
You closely miss Pikel.
Pikel is moderately wounded.
You barely miss the lemure. You hit the lemure but do no damage.
You slash the lemure! x2
The lemure hits you. The lemure barely misses you.
Pikel hits you with a +0 whip of flaming.
Pikel burns you. The lemure hits you but does no damage.
The lemure completely misses you.
The lemure hits you but does no damage. x3
Pikel hits you but does no damage. The lemure hits you but does no damage.
You closely miss the lemure.
The lemure is severely wounded.
You closely miss Pikel. You hit the lemure. You barely miss the lemure.
You hit the lemure but do no damage. The lemure hits you but does no damage.
Pikel completely misses you. You block the lemure's attack.
The lemure hits you. The lemure hits you but does no damage.
You slash the lemure!
The lemure is almost dead.
You hit the lemure. You hit the lemure but do no damage. You slash Pikel!
You hit the lemure but do no damage. The lemure barely misses you.
The lemure hits you but does no damage.
Pikel hits you with a +0 whip of flaming.
You block the lemure's attack. The lemure hits you but does no damage.
You completely miss the lemure.
The lemure is almost dead.
You barely miss the lemure. You barely miss Pikel. You barely miss the lemure.
You hit the lemure.
The lemure hits you but does no damage. x2; Pikel zaps a wand.
The puff of flame hits you but does no damage.
The lemure barely misses you. The lemure hits you.
You slash the lemure!
You kill the lemure!
That felt strangely unrewarding.
You hit the lemure but do no damage. You closely miss the lemure.
You hit Pikel but do no damage. You hit the lemure but do no damage.
The lemure hits you but does no damage. Pikel hits you but does no damage.
The lemure barely misses you. You block the lemure's attack.
The lemure hits you! x2
You die...

##.#.# ........
..#.#..########### #
.......##.......# ##.
#.#...##.......#
....#..............####
...................##.#7
......5..^.........#...7
#...5@..##...........7
#...K5..##...........7
##..###.########.\...7
#....#.# ########...# #.
#.#.# #.. ...##.##
#.##.#.###.####.##.#
#........#.........#
#..###.#...#..####
#####....#........#


You could see Pikel and 3 lemures.

Vanquished Creatures
  A lemure (D:4)
  A hound (D:4)
  An orc wizard (D:3)
  An adder (D:2)
  3 dart slugs
  12 orcs
  12 bats
  5 endoplasms
  7 giant cockroaches
  9 goblins
  2 hobgoblins
  7 jackals
  7 ball pythons
  7 frilled lizards
  9 kobolds
  4 rats
88 creatures vanquished.

Notes
Turn   | Place    | Note
-------+----------+-------------------------------------------
     0 | D:1      | qw the Gargoyle Fighter began the quest for the Orb.
     0 | D:1      | Reached XP level 1. HP: 14/14 MP: 1/1
     0 | D:1      | 0 ||| qw: Version: 0.2-a-101-gf424e7f
     0 | D:1      | 0 ||| qw: Game counter: 304
     0 | D:1      | 0 ||| qw: Always use a shield: true
     0 | D:1      | 0 ||| qw: God list: Okawaru
     0 | D:1      | 0 ||| qw: Allow faded altars: false
     0 | D:1      | 0 ||| qw: Do Orc after D:15 true
     0 | D:1      | 0 ||| qw: Do second Lair branch before Depths: true
     0 | D:1      | 0 ||| qw: Lair rune preference: random
     0 | D:1      | 0 ||| qw: Plans: Normal, Zot:1-4, Slime:5, God:TSO, Crypt,
                  | Tomb, Pan, Hells, Abyss, Win
     0 | D:1      | 0 ||| PLANNING D:1-11
    34 | D:1      | Reached skill level 2 in Axes
    66 | D:1      | Reached XP level 2. HP: 8/19 MP: 2/2
    69 | D:1      | 69 ||| Stepping ~*~*~tactically~*~*~ (stealth).
   245 | D:1      | 245 ||| Stepping ~*~*~tactically~*~*~ (hiding).
   358 | D:1      | Reached skill level 3 in Axes
   393 | D:1      | Reached XP level 3. HP: 23/23 MP: 3/3
   569 | D:1      | 569 ||| Stepping ~*~*~tactically~*~*~ (stealth).
   626 | D:1      | 626 ||| Stepping ~*~*~tactically~*~*~ (stealth).
   740 | D:1      | Found a faded altar of an unknown god.
   772 | D:1      | 772 ||| Stepping ~*~*~tactically~*~*~ (stealth).
   796 | D:1      | 796 ||| DROPPING amulet of magic regeneration.
   797 | D:1      | 797 ||| UPGRADING to ring of positive energy.
   798 | D:1      | 798 ||| READING 3 scrolls labelled NAGHOU WOYHY.
   799 | D:1      | 799 ||| READING scroll labelled MOPHEYJEOS.
   800 | D:1      | 800 ||| READING scroll labelled DILERPH RAROE.
   811 | D:1      | 811 ||| UPGRADING to ring of protection from fire.
   812 | D:1      | 812 ||| READING 2 scrolls of identify.
   812 | D:1      | 812 ||| IDENTIFYING fuming red potion
   882 | D:2      | 882 ||| Stepping ~*~*~tactically~*~*~ (hiding).
   895 | D:2      | 895 ||| Stepping ~*~*~tactically~*~*~ (stealth).
   917 | D:2      | Reached XP level 4. HP: 26/28 MP: 4/4
  1119 | D:2      | 1119 ||| Stepping ~*~*~tactically~*~*~ (stealth).
  1179 | D:2      | Reached skill level 4 in Axes
  1439 | D:2      | 1439 ||| Stepping ~*~*~tactically~*~*~ (hiding).
  1644 | D:2      | 1644 ||| READING scroll labelled JUEBOSHRAJAHU.
  1645 | D:2      | 1645 ||| READING 2 scrolls of identify.
  1645 | D:2      | 1645 ||| IDENTIFYING metallic green potion
  1646 | D:2      | 1646 ||| DROPPING potion of invisibility.
  1674 | D:3      | Found Gajuidil's Vocational Training.
  1792 | D:3      | 1792 ||| Stepping ~*~*~tactically~*~*~ (stealth).
  1795 | D:3      | 1795 ||| Stepping ~*~*~tactically~*~*~ (stealth).
  1820 | D:3      | 1820 ||| Stepping ~*~*~tactically~*~*~ (hiding).
  1830 | D:3      | Reached XP level 5. HP: 32/32 MP: 5/5
  2089 | D:3      | 2089 ||| DROPPING +0 club.
  2090 | D:3      | 2090 ||| DROPPING +0 mace of pain.
  2121 | D:3      | 2121 ||| Stepping ~*~*~tactically~*~*~ (stealth).
  2126 | D:3      | 2126 ||| Stepping ~*~*~tactically~*~*~ (stealth).
  2127 | D:3      | 2127 ||| Stepping ~*~*~tactically~*~*~ (stealth).
  2130 | D:3      | 2130 ||| Stepping ~*~*~tactically~*~*~ (stealth).
  2145 | D:3      | 2145 ||| Stepping ~*~*~tactically~*~*~ (stealth).
  2147 | D:3      | 2147 ||| Stepping ~*~*~tactically~*~*~ (stealth).
  2149 | D:3      | 2149 ||| Stepping ~*~*~tactically~*~*~ (hiding).
  2362 | D:3      | Found a hazy altar of Hepliaklqana.
  2550 | D:3      | 2550 ||| UPGRADING to +0 chain mail.
  2560 | D:3      | 2560 ||| DROPPING +0 scale mail.
  2561 | D:3      | 2561 ||| READING scroll labelled UDOKAYR CAKUL.
  2562 | D:3      | 2562 ||| DRINKING 3 sedimented golden potions.
  2563 | D:3      | 2563 ||| READING 2 scrolls of identify.
  2563 | D:3      | 2563 ||| IDENTIFYING fuming blue potion
  2620 | D:4      | 2620 ||| DROPPING +4 whip.
  2740 | D:4      | Reached skill level 5 in Axes
  2747 | D:4      | Found Dunuskol's Distillery.
  2757 | D:4      | 2757 ||| BUYING potion of attraction (42 gold).
  2757 | D:4      | Bought a potion of attraction for 42 gold pieces
  2757 | D:4      | 2757 ||| BUYING potion of attraction (42 gold).
  2757 | D:4      | Bought a potion of attraction for 42 gold pieces
  2757 | D:4      | 2757 ||| SHOPLISTING potion of haste (140 gold, have 127).
  2757 | D:4      | 2757 ||| BUYING potion of heal wounds (70 gold).
  2757 | D:4      | Bought a potion of heal wounds for 70 gold pieces
  2767 | D:4      | Found Mioguhep's Armour Shop.
  2771 | D:4      | 2771 ||| BUYING +0 cloak (45 gold).
  2771 | D:4      | Bought a +0 cloak for 45 gold pieces
  2771 | D:4      | 2771 ||| SHOPLISTING +0 pair of boots (45 gold, have 12).
  2771 | D:4      | 2771 ||| SHOPLISTING +0 pair of gloves (45 gold, have 12).
  2771 | D:4      | 2771 ||| SHOPLISTING +0 plate armour (230 gold, have 12).
  2771 | D:4      | 2771 ||| SHOPLISTING +2 scale mail of cold resistance (210
                  | gold, have 12).
  2771 | D:4      | 2771 ||| SHOPLISTING +3 chain mail of cold resistance (265
                  | gold, have 12).
  2783 | D:4      | Noticed Pikel
  2783 | D:4      | Noticed a lemure
  2783 | D:4      | Noticed a lemure
  2784 | D:4      | Noticed a lemure
  2784 | D:4      | Noticed a lemure
  2793 | D:4      | HP: 7/32 [Pikel/puff of flame (4)]
  2794 | D:4      | 2794 ||| DRINKING 5 potions of heal wounds.
  2796 | D:4      | HP: 3/32 [lemure[Pikel] (3)]
  2797 | D:4      | 2797 ||| DRINKING 4 potions of heal wounds.
  2800 | D:4      | 2800 ||| DRINKING 3 potions of heal wounds.
  2805 | D:4      | Killed a lemure
  2805 | D:4      | HP: 3/32 [lemure[Pikel] (7)]
  2805 | D:4      | Slain by a lemure

Levels and vault maps discovered:
D:1:      psy_arrival_basics, layout_basic,
          shapermc_ecumenical_altar_hornbeckon, chequers_hall_statues_wall_a,
          minivault_26
D:2:      layout_basic
D:3:      layout_loops_cross, nicolae_hepliaklqana_hazy_memory,
          corexii_hall_statues_i, nicolae_shop_vocational
D:4:      layout_loops_cross, nicolae_elyvilon_peaceful_grove,
          mainiacjoe_overflow_alcove_1, temple_doors_ab, serial_shops, shop,
          nicolae_shop_hallway_plus, shop, nicolae_shop_industrial_runoff, shop,
          minmay_pentangle, uniq_duvessa, uniq_pikel

Skill      XL: |  1  2  3  4  5 |
---------------+----------------+-----
Axes           | 2 3 4 5 |  5.1
Fighting       | |  3.3
Armour         | |  3.2
Shields        | |  3.2

Action                     |  1- 3 |  4- 6 || total
---------------------------+-------+-------++-------
  Melee: War axe           |   105 |   132 ||   237
  Throw: Boomerang         |    23 |    31 ||    54
    Use: Scroll            |     4 |     4 ||     8
         Potion            |       |     4 ||     4
 Armour: Scale mail        |    64 |    67 ||   131
         Chain mail        |       |    61 ||    61
  Dodge: Dodged            |    44 |    70 ||   114
  Block: Buckler           |    24 |    37 ||    61

Table legend:
 A = Non-vault XP
 B = Vault XP
 C = Vault XP percentage of total XP
 D = Non-vault monster count
 E = Vault monster count
 F = Vault count percentage of total count
                 A         B        C        D         E       F
            +---------+---------+-------+---------+---------+-------
      Total |     242 |       7 |   2.8 |      84 |       3 |   3.4
            +---------+---------+-------+---------+---------+-------
        D:1 |      64 |       0 |   0.0 |      37 |       0 |   0.0
        D:2 |      44 |       0 |   0.0 |      19 |       0 |   0.0
        D:3 |      88 |       0 |   0.0 |      25 |       0 |   0.0
        D:4 |      46 |       7 |  13.2 |       3 |       3 |  50.0
            +---------+---------+-------+---------+---------+-------
